 Dungeon Crawl Stone Soup version 0.28-a0-732-g75e6d9beac (webtiles) character file.

Game seed: 8700711393925086885

16 Johnny the Slasher (level 2, -1/24 HPs)
             Began as a Human Berserker on Oct 29, 2021.
             Was a Follower of Trog.
             Slain by a kobold (2 damage)
             ... on level 2 of the Dungeon.
             The game lasted 00:00:28 (1070 turns).

Johnny the Slasher (Human Berserker)                Turns: 1070, Time: 00:00:29

Health: -1/24      AC:  5    Str: 17    XL:     2   Next: 70%
Magic:  2/2        EV: 11    Int:  7    God:    Trog [*.....]
Gold:   65         SH:  0    Dex: 12    Spells: 1/1 levels left

rFire   . . .      SeeInvis .   a - +0 falchion
rCold   . . .      Faith    .   (no shield)
rNeg    . . .      Spirit   .   d - +0 ring mail
rPois   .          Reflect  .   (no helmet)
rElec   .          Harm     .   (no cloak)
rCorr   .          Rampage  .   (no gloves)
Will    .....                   (no boots)
Stlth   +.........              (no amulet)
HPRegen 0.08/turn               (no ring)
MPRegen 0.08/turn               (no ring)

@: on berserk cooldown, slowed, very slow
A: no striking features
a: Renounce Religion, Berserk


You were on level 2 of the Dungeon.
You worshipped Trog.
Trog was aware of your devotion.
You visited 1 branch of the dungeon, and saw 2 of its levels.

You collected 65 gold pieces.

Inventory:

Hand Weapons
 a - a +0 falchion (weapon)
Armour
 b - a +0 animal skin
 d - a +0 ring mail (worn)
Scrolls
 c - 3 scrolls of amnesia {unknown}
Potions
 e - a potion of curing {unknown}


   Skills:
 + Level 3.2 Fighting
 * Level 3.5 Long Blades
 - Level 2.0 Armour
 - Level 2.0 Dodging


You had one spell level left.
You didn't know any spells.
Your spell library was empty.

Dungeon Overview and Level Annotations

Branches:
Dungeon (2/15)

Altars:

Annotations:
D:2 Natasha


Message History

A red film seems to cover your vision as you go berserk!
You feel yourself moving faster!
You feel mighty! The worm misses you.
You slash the worm!
The worm is heavily wounded.
The rat bites you but does no damage.
You slash the worm!
The worm is almost dead.
The worm completely misses you.
You slash the worm!
You kill the worm!
Trog accepts your kill. The rat bites you but does no damage.
You barely miss the rat. The rat misses you.
You slash the rat!
You kill the rat!
Trog accepts your kill.
You see here a rat corpse.
You start resting.
You feel a strong urge to attack something.
You start resting.
You feel your anger nearly subside.
You are no longer berserk.
You are exhausted.
You feel yourself slow down.
You start resting.
A kobold comes into view. It is wielding a +0 whip.
A kobold is nearby!
A kobold is nearby!
You are too injured to fight recklessly!
The kobold shouts!
You see here a bat corpse.
A frilled lizard comes into view.
The frilled lizard hisses angrily.
Natasha, Servant of Life and Death comes into view.
The kobold barely misses you.
Natasha stares at you and mumbles some strange words.
The magic dart hits you!
* * * LOW HITPOINT WARNING * * *
There is a stone staircase leading up, spattered with blood here.
The kobold hits you with a +0 whip.
You die...

#.### #...#
###.# #.#
###.######.#
#.†........#
#.#.########
#.#.#
########.#@#
.........K.#
......$.l#h####
.######..#.....
##........
##.†.#.###...
#..†...# ..
#........... .
#.......####


You could see Natasha, a kobold and a frilled lizard.

Vanquished Creatures
  A worm (D:2)
  A ball python (D:1)
  A giant cockroach (D:1)
  2 goblins
  2 hobgoblins
  3 bats
  3 rats
13 creatures vanquished.

Notes
Turn   | Place    | Note
-------+----------+-------------------------------------------
     0 | D:1      | Johnny the Human Berserker began the quest for the Orb.
     0 | D:1      | Reached XP level 1. HP: 18/18 MP: 1/1
    85 | D:1      | Found a faded altar of an unknown god.
   429 | D:1      | Reached XP level 2. HP: 21/24 MP: 2/2
  1067 | D:2      | Noticed Natasha
  1069 | D:2      | HP: 1/24 [Natasha/magic dart (9)]
  1070 | D:2      | Slain by a kobold

Illustrated notes

Levels and vault maps discovered:
D:1:      matt_arrival_refuge, layout_basic,
          shapermc_ecumenical_altar_totnotflames, minmay_misc_feat_iff,
          minmay_misc_feat_tower, minmay_misc_feat_encased
D:2:      layout_loops_ring, kennysheep_generic_room_3, uniq_natasha

Action                   || total
-------------------------++-------
Melee: Falchion          ||    33
Invok: Berserk           ||     1
Armor: Animal skin       ||     4
       Ring mail         ||     3
Dodge: Dodged            ||    22

Table legend: (Time is in decaauts)
 A = Elapsed time spent in this place.
 B = Non-inter-level travel time spent in this place.
 C = Inter-level travel time spent in this place.
 D = Time resting spent in this place.
 E = Time spent auto-exploring this place.
 F = Levels seen in this place.
 G = Mean time per level.
                   A        B        C        D        E       F      G
               +--------+--------+--------+--------+--------+-----+--------+
         Total |   1085 |   1071 |     14 |     32 |    931 |   2 |  542.5 |
       Dungeon |   1085 |   1071 |     14 |     32 |    931 |   2 |  542.5 |
               +--------+--------+--------+--------+--------+-----+--------+

Top non-repeatable levels by time:
     D:1: 988 daAuts
     D:2: 96 daAuts
